SL
BROOKLYN DODGERS @ FT. WORTH CATTLEMEN
05/15/2042
 
TOP OF THE 1ST
Brooklyn Dodgers batting - Pitching for Ft. Worth Cattlemen : LHP Gustavo Tobías
Pitching: LHP Gustavo Tobías
Batting: SHB Fa-hsien Tze 0-0: Ball
1-0: Ball
2-0: Ground out 6-3 (Groundball, 6, EV 97.5 MPH)
Batting: RHB Quindarious Monday 0-0: Ball
1-0: Ball
2-0: Ball
3-0: Called Strike
3-1: SINGLE (Flyball, 7S, EV 86.2 MPH)
Batting: LHB Tony Wonder 0-0: Called Strike
0-1: Foul Ball, location: 2F
0-2: SINGLE (Groundball, 3, EV 103.8 MPH) (infield hit)
Quindarious Monday to second
Batting: RHB Bill Chaundler 0-0: Ball
1-0: Ball
2-0: Called Strike
2-1: Fly out, F8 (Flyball, 8RM, EV 88.1 MPH)
Batting: RHB Joey Trifone 0-0: Foul Ball, location: 2F
0-1: Fly out, F9 (Flyball, 89D, EV 88.1 MPH)
Top of the 1st over - 0 runs, 2 hits, 0 errors, 2 left on base; Brooklyn 0 - Ft. Worth 0
BOTTOM OF THE 1ST
Ft. Worth Cattlemen batting - Pitching for Brooklyn Dodgers : RHP Elroy Thompkins
Pitching: RHP Elroy Thompkins
Batting: RHB Jurgen Flurgenburgen 0-0: Swinging Strike
0-1: Ball
1-1: Called Strike
1-2: Foul Ball, location: 2F
1-2: Fly out, F7 (Line Drive, 7, EV 96.9 MPH)
Batting: RHB Tae-cho Han 0-0: Ball
1-0: Swinging Strike
1-1: Ball
2-1: SINGLE (Groundball, 56D, EV 103.8 MPH)
Batting: SHB Kolby Hay 0-0: Ball
1-0: Called Strike
1-1: Ball
2-1: Fielders Choice at 2nd, 4-6 (Groundball, 4, EV 79.4 MPH)
Batting: LHB Jorge Alejándrez 0-0: Ball
1-0: Fly out, F8 (Flyball, 8RS, EV 90.6 MPH)
Bottom of the 1st over - 0 runs, 1 hit, 0 errors, 1 left on base; Brooklyn 0 - Ft. Worth 0
TOP OF THE 2ND
Brooklyn Dodgers batting - Pitching for Ft. Worth Cattlemen : LHP Gustavo Tobías
Batting: LHB Jung-joon Yi 0-0: Ball
1-0: Fly out, F9 (Flyball, 9LSF, EV 89.4 MPH)
Batting: RHB Phil McCroskey 0-0: Called Strike
0-1: Ball
1-1: Ball
2-1: Swinging Strike
2-2: Ground out U3 (Groundball, 34S, EV 65.0 MPH)
Batting: LHB Ronald Lithgoe 0-0: Ball
1-0: Foul Ball, location: 2F
1-1: Ball
2-1: Swinging Strike
2-2: Ball
3-2: Strikes out swinging
Top of the 2nd over - 0 runs, 0 hits, 0 errors, 0 left on base; Brooklyn 0 - Ft. Worth 0
BOTTOM OF THE 2ND
Ft. Worth Cattlemen batting - Pitching for Brooklyn Dodgers : RHP Elroy Thompkins
Batting: LHB Semo Hoaloha 0-0: Ground out U3 (Groundball, 3L, EV 80.0 MPH)
Batting: RHB Omer Yurtseven 0-0: Called Strike
0-1: Ground out 6-3 (Groundball, 6, EV 83.8 MPH)
Batting: LHB Tippi Degré 0-0: Called Strike
0-1: DOUBLE (Flyball, 78XD, EV 111.9 MPH)
Batting: RHB Dennis Wacher 0-0: Called Strike
0-1: SINGLE (Line Drive, 8LS, EV 88.8 MPH)
Tippi Degré to third
Runner from 3rd tries for Home, SAFE, throw by CF to home
Batting: RHB Lonnie Doble 0-0: Ball
1-0: Ball
Dennis Wacher steals 2nd base
2-0: Ground out 5-3 (Groundball, 56, EV 95.0 MPH)
Bottom of the 2nd over - 1 run, 2 hits, 0 errors, 1 left on base; Brooklyn 0 - Ft. Worth 1
TOP OF THE 3RD
Brooklyn Dodgers batting - Pitching for Ft. Worth Cattlemen : LHP Gustavo Tobías
Batting: RHB Steve Pugh 0-0: Called Strike
0-1: Ball
1-1: Ball
2-1: Swinging Strike
2-2: Strikes out swinging, 2-3 out at first.
Batting: SHB Fa-hsien Tze 0-0: Ball
1-0: Swinging Strike
1-1: Ball
2-1: Ball
3-1: Foul Ball, location: 2F
3-2: Foul Ball, location: 2F
3-2: DOUBLE (Line Drive, 89D, EV 104.4 MPH)
Batting: RHB Quindarious Monday 0-0: Called Strike
0-1: Foul Ball, location: 2F
0-2: Ball
1-2: Fly out, F8 (Flyball, 8RM, EV 83.8 MPH)
Batting: LHB Tony Wonder 0-0: Ball
1-0: Called Strike
1-1: Ball
2-1: Foul Ball, location: 2F
2-2: Foul Ball, location: 2F
2-2: Ball
3-2: Ground out 5-3 (Groundball, 56, EV 86.2 MPH)
Top of the 3rd over - 0 runs, 1 hit, 0 errors, 1 left on base; Brooklyn 0 - Ft. Worth 1
BOTTOM OF THE 3RD
Ft. Worth Cattlemen batting - Pitching for Brooklyn Dodgers : RHP Elroy Thompkins
Batting: RHB Jurgen Flurgenburgen 0-0: Foul Ball, location: 2F
0-1: Ball
1-1: Ball
2-1: DOUBLE (Groundball, 5L, EV 99.4 MPH)
Batting: RHB Tae-cho Han 0-0: Ball
1-0: Ball
2-0: Foul Ball, location: 2F
2-1: Ball
3-1: DOUBLE (Flyball, 8RXD, EV 90.0 MPH)
Jurgen Flurgenburgen scores
Batting: SHB Kolby Hay 0-0: Ball
1-0: Ball
2-0: Ball
3-0: Base on Balls
Batting: LHB Jorge Alejándrez 0-0: SINGLE (Groundball, 56D, EV 95.6 MPH)
Tae-cho Han to third
Kolby Hay to second
Runner from 3rd tries for Home, SAFE, no throw by LF
Batting: LHB Semo Hoaloha 0-0: Ball
1-0: Ball
2-0: Ball
3-0: Base on Balls
Kolby Hay to third
Jorge Alejándrez to second
Batting: RHB Omer Yurtseven 0-0: Grounds into double play, 5-4-3 (Groundball, 56, EV 76.2 MPH)
Kolby Hay scores
Jorge Alejándrez to third
Batting: LHB Tippi Degré 0-0: SINGLE (Groundball, 4MD, EV 110.0 MPH)
Jorge Alejándrez scores
Batting: RHB Dennis Wacher 0-0: Ball
1-0: Fly out, F8 (Flyball, 8LD, EV 87.5 MPH)
Bottom of the 3rd over - 4 runs, 4 hits, 0 errors, 1 left on base; Brooklyn 0 - Ft. Worth 5
TOP OF THE 4TH
Brooklyn Dodgers batting - Pitching for Ft. Worth Cattlemen : LHP Gustavo Tobías
Batting: RHB Bill Chaundler 0-0: Called Strike
0-1: Fly out, F8 (Flyball, 89D, EV 102.5 MPH)
Batting: RHB Joey Trifone 0-0: Swinging Strike
0-1: Swinging Strike
0-2: Ball
1-2: Strikes out swinging
Batting: LHB Jung-joon Yi 0-0: Ball
1-0: Ball
2-0: Called Strike
2-1: Ball
3-1: Ground out 1-3 (Groundball, P, EV 78.1 MPH)
Top of the 4th over - 0 runs, 0 hits, 0 errors, 0 left on base; Brooklyn 0 - Ft. Worth 5
BOTTOM OF THE 4TH
Ft. Worth Cattlemen batting - Pitching for Brooklyn Dodgers : RHP Elroy Thompkins
Batting: RHB Lonnie Doble 0-0: Called Strike
0-1: Ball
1-1: Ball
2-1: Ground out 5-3 (Groundball, 56, EV 93.8 MPH)
Batting: RHB Jurgen Flurgenburgen 0-0: Ground out 5-3 (Groundball, 5L, EV 91.9 MPH)
Batting: RHB Tae-cho Han 0-0: Ball
1-0: Ball
2-0: Swinging Strike
2-1: Called Strike
2-2: Ball
3-2: Foul Ball, location: 2F
3-2: Base on Balls
Batting: SHB Kolby Hay 0-0: Ball
1-0: Called Strike
1-1: Ground out 4-3 (Groundball, 4, EV 80.0 MPH)
Bottom of the 4th over - 0 runs, 0 hits, 0 errors, 1 left on base; Brooklyn 0 - Ft. Worth 5
TOP OF THE 5TH
Brooklyn Dodgers batting - Pitching for Ft. Worth Cattlemen : LHP Gustavo Tobías
Batting: RHB Phil McCroskey 0-0: Ball
1-0: Ball
2-0: Ball
3-0: Called Strike
3-1: DOUBLE (Flyball, 8RXD, EV 91.9 MPH)
Batting: LHB Ronald Lithgoe 0-0: Ball
1-0: Ball
2-0: Ball
3-0: Called Strike
3-1: Foul Ball, location: 2F
3-2: DOUBLE (Line Drive, 89M, EV 93.1 MPH)
Phil McCroskey scores
Batting: RHB Steve Pugh 0-0: Called Strike
0-1: Ball
1-1: Called Strike
1-2: Foul Ball, location: 2F
1-2: Strikes out swinging
Batting: SHB Fa-hsien Tze 0-0: Ball
1-0: Ball
2-0: Ball
3-0: Called Strike
3-1: Foul Ball, location: 2F
3-2: Base on Balls
Batting: RHB Quindarious Monday 0-0: Called Strike
0-1: Ball
1-1: Grounds into double play, 4-6-3 (Groundball, 4, EV 78.8 MPH)
Top of the 5th over - 1 run, 2 hits, 0 errors, 1 left on base; Brooklyn 1 - Ft. Worth 5
BOTTOM OF THE 5TH
Ft. Worth Cattlemen batting - Pitching for Brooklyn Dodgers : RHP Elroy Thompkins
Batting: LHB Jorge Alejándrez 0-0: Ball
1-0: Ball
2-0: Foul Ball, location: 2F
2-1: Ball
3-1: Swinging Strike
3-2: Foul Ball, location: 2F
3-2: Strikes out swinging
Batting: LHB Semo Hoaloha 0-0: SINGLE (Groundball, 4MD, EV 101.9 MPH)
Batting: RHB Omer Yurtseven 0-0: Ball
1-0: Ball
2-0: SINGLE (Groundball, 6MD, EV 104.4 MPH)
Semo Hoaloha to second
Batting: LHB Tippi Degré 0-0: Called Strike
0-1: Foul Ball, location: 2F
0-2: Fly out, F7 (Flyball, 7, EV 83.1 MPH)
Batting: RHB Dennis Wacher 0-0: Ground out 5-3 (Groundball, 56S, EV 70.6 MPH)
Bottom of the 5th over - 0 runs, 2 hits, 0 errors, 2 left on base; Brooklyn 1 - Ft. Worth 5
TOP OF THE 6TH
Brooklyn Dodgers batting - Pitching for Ft. Worth Cattlemen : LHP Gustavo Tobías
Batting: LHB Tony Wonder 0-0: Swinging Strike
0-1: Foul Ball, location: 2F
0-2: Strikes out swinging passed ball, reaches first!
Batting: RHB Bill Chaundler 0-0: Ball
1-0: Grounds into double play, 5-4-3 (Groundball, 56, EV 101.9 MPH)
Batting: RHB Joey Trifone 0-0: Ball
1-0: Ball
2-0: SINGLE (Line Drive, 9S, EV 94.4 MPH)
Pitching: RHP WyDale Curry
Batting: LHB Jung-joon Yi 0-0: Ball
1-0: Foul Ball, location: 2F
1-1: Ball
2-1: Ball
3-1: Foul Ball, location: 2F
3-2: Foul Ball, location: 2F
3-2: Ground out U3 (Groundball, 3, EV 100.0 MPH)
Top of the 6th over - 0 runs, 1 hit, 0 errors, 1 left on base; Brooklyn 1 - Ft. Worth 5
BOTTOM OF THE 6TH
Ft. Worth Cattlemen batting - Pitching for Brooklyn Dodgers : RHP Elroy Thompkins
Batting: RHB Lonnie Doble 0-0: Called Strike
0-1: Foul Ball, location: 2F
0-2: Foul Ball, location: 2F
0-2: Foul Ball, location: 2F
0-2: Fly out, F8 (Flyball, 89XD, EV 75.6 MPH)
Batting: RHB Jurgen Flurgenburgen 0-0: Foul Ball, location: 2F
0-1: Ball
1-1: Foul Ball, location: 2F
1-2: SINGLE (Groundball, 56D, EV 99.4 MPH)
Batting: RHB Tae-cho Han 0-0: Foul Ball, location: 2F
0-1: Ball
1-1: SINGLE (Line Drive, 56, EV 98.1 MPH)
Jurgen Flurgenburgen to second
Pitching: RHP Liam Bane
Batting: SHB Kolby Hay 0-0: Called Strike
0-1: Ball
1-1: Grounds into double play, 6-4-3 (Groundball, 6, EV 99.4 MPH)
Bottom of the 6th over - 0 runs, 2 hits, 0 errors, 1 left on base; Brooklyn 1 - Ft. Worth 5
TOP OF THE 7TH
Brooklyn Dodgers batting - Pitching for Ft. Worth Cattlemen : RHP WyDale Curry
Batting: RHB Phil McCroskey 0-0: Ball
1-0: Ball
2-0: Called Strike
2-1: Ball
3-1: Fly out, F9 (Flyball, 9LM, EV 86.2 MPH)
Batting: LHB Ronald Lithgoe 0-0: Swinging Strike
0-1: Ball
1-1: Called Strike
1-2: Ball
2-2: Strikes out swinging
Batting: RHB Steve Pugh 0-0: Fly out, F4 (Popup, 4D, EV 57.5 MPH)
Top of the 7th over - 0 runs, 0 hits, 0 errors, 0 left on base; Brooklyn 1 - Ft. Worth 5
BOTTOM OF THE 7TH
Ft. Worth Cattlemen batting - Pitching for Brooklyn Dodgers : RHP Liam Bane
Batting: LHB Jorge Alejándrez 0-0: DOUBLE (Flyball, 89XD, EV 95.6 MPH)
Batting: LHB Semo Hoaloha 0-0: Ball
1-0: Foul Ball, location: 2F
1-1: Swinging Strike
1-2: Foul Ball, location: 2F
1-2: Strikes out looking
Batting: RHB Omer Yurtseven 0-0: Foul Ball, location: 2F
0-1: Ball
1-1: Ground out 6-3 (Groundball, 6S, EV 66.2 MPH)
Jorge Alejándrez to third
Batting: LHB Tippi Degré 0-0: Ball
1-0: Ground out 4-3 (Groundball, 4, EV 106.9 MPH)
Bottom of the 7th over - 0 runs, 1 hit, 0 errors, 1 left on base; Brooklyn 1 - Ft. Worth 5
TOP OF THE 8TH
Brooklyn Dodgers batting - Pitching for Ft. Worth Cattlemen : RHP WyDale Curry
Batting: SHB Fa-hsien Tze 0-0: Called Strike
0-1: Foul Ball, location: 2F
0-2: Ball
1-2: Hit by Pitch
Batting: RHB Quindarious Monday 0-0: Ball
1-0: Called Strike
1-1: Foul Ball, location: 2F
1-2: Fly out, F3 (Flyball, 3D, EV 88.8 MPH)
Pitching: RHP Blair Wright
Batting: LHB Tony Wonder 0-0: Ball
1-0: Ball
2-0: Fly out, F8 (Flyball, 8LD, EV 100.6 MPH)
Batting: RHB Bill Chaundler 0-0: Ball
1-0: Ball
2-0: Foul Ball, location: 2F
2-1: Foul Ball, location: 2F
2-2: Fly out, F7 (Flyball, 78D, EV 101.2 MPH)
Top of the 8th over - 0 runs, 0 hits, 0 errors, 1 left on base; Brooklyn 1 - Ft. Worth 5
BOTTOM OF THE 8TH
Ft. Worth Cattlemen batting - Pitching for Brooklyn Dodgers : RHP Liam Bane
Batting: RHB Dennis Wacher 0-0: Ball
1-0: SINGLE (Groundball, 56D, EV 106.9 MPH)
Batting: RHB Lonnie Doble 0-0: Bunted foul
0-1: Ball
1-1: Sac Bunt to 3S - play at first, batter OUT! 3-4
Dennis Wacher to second
Batting: RHB Jurgen Flurgenburgen 0-0: Called Strike
0-1: Foul Ball, location: 2F
0-2: TRIPLE (Flyball, 9LD, EV 111.2 MPH)
Dennis Wacher scores
Batting: RHB Tae-cho Han 0-0: Called Strike
0-1: Ball
1-1: Foul Ball, location: 2F
1-2: Strikes out swinging
Batting: SHB Kolby Hay 0-0: Called Strike
0-1: Called Strike
0-2: Strikes out looking
Bottom of the 8th over - 1 run, 2 hits, 0 errors, 1 left on base; Brooklyn 1 - Ft. Worth 6
TOP OF THE 9TH
Brooklyn Dodgers batting - Pitching for Ft. Worth Cattlemen : RHP Blair Wright
Batting: RHB Joey Trifone 0-0: DOUBLE (Flyball, 89XD, EV 110.0 MPH)
Batting: LHB Jung-joon Yi 0-0: Ball
1-0: Called Strike
1-1: Ball
2-1: Swinging Strike
2-2: Ground out 1-3 (Groundball, 15, EV 86.2 MPH)
Batting: RHB Phil McCroskey 0-0: Fly out, F8 (Flyball, 8LS, EV 83.8 MPH)
Batting: LHB Ronald Lithgoe 0-0: Swinging Strike
0-1: Ball
1-1: Ball
2-1: Foul Ball, location: 2F
2-2: Hit by Pitch
Batting: RHB Steve Pugh 0-0: Ball
1-0: Ball
2-0: Fielders Choice at 2nd, 6-4 (Groundball, 6, EV 79.4 MPH)
Top of the 9th over - 0 runs, 1 hit, 0 errors, 2 left on base; Brooklyn 1 - Ft. Worth 6
Friday, March 26th, 2021 - OOTP Baseball 20.8 Build 74